[Event "Weekend Groninger Combinatie 2019"]
[Site "Groningen"]
[Date "2019.05.30"]
[Round "1.1"]
[White "Brockmann, Fabian"]
[Black "Maris, Ivo"]
[Result "0-1"]
[ECO "B20"]
[WhiteElo "2044"]
[BlackElo "2386"]
[Annotator "ChessBase"]
[PlyCount "42"]
[EventDate "2019.05.30"]
[EventType "swiss"]
[EventCountry "NED"]
[SourceTitle "playchess.com"]
[Source "ChessBase"]
[SourceQuality "1"]
[TimeControl "5400+30"]

1. e4 c5 2. b3 g6 3. Bb2 Nf6 4. c4 d6 5. f4 Bg7 6. Nf3 O-O 7. d3 Nc6 8. Be2 e5 9. fxe5 Ng4 10. Qd2 Bh6 11. Qc3 dxe5 12. h3 Ne3 13. g4 Nd4 14. Na3 Qf6 15. Kf2 Bxg4 16. hxg4 Nxg4+ 17. Ke1 Nxf3+ 18. Bxf3 Qxf3 19. Rf1 Qe3+ 20. Kd1 Rad8 21. Kc2 Qe2+ 0-1

[Event "Weekend Groninger Combinatie 2019"]
[Site "Groningen"]
[Date "2019.05.30"]
[Round "1.2"]
[White "Zwirs, Nico"]
[Black "Noordenbos, Daan"]
[Result "1-0"]
[ECO "C04"]
[WhiteElo "2386"]
[BlackElo "2033"]
[Annotator "ChessBase"]
[PlyCount "43"]
[EventDate "2019.05.30"]
[EventType "swiss"]
[EventCountry "NED"]
[SourceTitle "playchess.com"]
[Source "ChessBase"]
[SourceQuality "1"]
[TimeControl "5400+30"]

1. e4 e6 2. d4 d5 3. Nd2 Nc6 4. Ngf3 Nf6 5. e5 Nd7 6. Nb3 a5 7. a4 Be7 8. Bb5 Na7 9. Bd3 b6 10. Bd2 O-O 11. h4 c5 12. Bxh7+ Kh8 13. Ng5 g6 14. Bxg6 fxg6 15. h5 Bxg5 16. hxg6+ Kg7 17. Rh7+ Kxg6 18. Qh5+ Kf5 19. g4+ Ke4 20. Bxg5 Qe8 21. Qh1+ Rf3 22. O-O-O 1-0

[Event "Weekend Groninger Combinatie 2019"]
[Site "Groningen"]
[Date "2019.05.30"]
[Round "1.3"]
[White "Rupert, Casper"]
[Black "Hoeksema, Hendrik Pieter"]
[Result "1/2-1/2"]
[ECO "C11"]
[WhiteElo "2022"]
[BlackElo "2349"]
[Annotator "ChessBase"]
[PlyCount "59"]
[EventDate "2019.05.30"]
[EventType "swiss"]
[EventCountry "NED"]
[SourceTitle "playchess.com"]
[Source "ChessBase"]
[SourceQuality "1"]
[TimeControl "5400+30"]

1. d4 e6 2. e4 d5 3. Nc3 Nf6 4. e5 Nfd7 5. Nce2 c5 6. c3 Nc6 7. f4 b5 8. a3 a5 9. Nf3 Ba6 10. g3 b4 11. axb4 axb4 12. Bg2 Be7 13. O-O O-O 14. Be3 Qb6 15. Rf2 Bc4 16. f5 Rxa1 17. Qxa1 exf5 18. cxb4 Bxe2 19. Rxe2 cxd4 20. Bf2 Bxb4 21. e6 fxe6 22. Rxe6 Nc5 23. Nxd4 Nxe6 24. Nxe6 Qb5 25. Nxf8 Bxf8 26. Qa8 Ne7 27. b4 Qxb4 28. Bxd5+ Nxd5 29. Qxd5+ Kh8 30. Qxf5 1/2-1/2

[Event "Weekend Groninger Combinatie 2019"]
[Site "Groningen"]
[Date "2019.05.30"]
[Round "1.4"]
[White "De Boer, Eelke"]
[Black "Traetmar, Mattis"]
[Result "1-0"]
[ECO "B28"]
[WhiteElo "2333"]
[BlackElo "1988"]
[Annotator "ChessBase"]
[PlyCount "35"]
[EventDate "2019.05.30"]
[EventType "swiss"]
[EventCountry "NED"]
[SourceTitle "playchess.com"]
[Source "ChessBase"]
[SourceQuality "1"]
[TimeControl "5400+30"]

1. e4 c5 2. Nf3 a6 3. c3 e6 4. d4 d5 5. e5 Bd7 6. Bd3 Bb5 7. Bxb5+ axb5 8. dxc5 Bxc5 9. b4 Be7 10. Qd3 Nc6 11. O-O Qd7 12. Na3 d4 13. Nxd4 Bxb4 14. Naxb5 Bf8 15. Rd1 O-O-O 16. Qc4 Qd5 17. Qa4 Bc5 18. Bg5 1-0

[Event "Weekend Groninger Combinatie 2019"]
[Site "Groningen"]
[Date "2019.05.30"]
[Round "1.5"]
[White "Pellikaan, Govert"]
[Black "Hilwerda, Jonas"]
[Result "1/2-1/2"]
[ECO "A48"]
[WhiteElo "1980"]
[BlackElo "2317"]
[Annotator "ChessBase"]
[PlyCount "54"]
[EventDate "2019.05.30"]
[EventType "swiss"]
[EventCountry "NED"]
[SourceTitle "playchess.com"]
[Source "ChessBase"]
[SourceQuality "1"]
[TimeControl "5400+30"]

1. d4 Nf6 2. Nf3 b6 3. Bf4 Bb7 4. e3 g6 5. c3 Bg7 6. Nbd2 O-O 7. Be2 d6 8. h4 h5 9. Rg1 Nbd7 10. Ng5 e5 11. dxe5 dxe5 12. Bh2 Qe7 13. Qc2 a5 14. g4 hxg4 15. O-O-O Ba6 16. Bxa6 Rxa6 17. f4 exf4 18. exf4 Qe2 19. Bg3 Nc5 20. Kb1 Nd5 21. Rge1 Qd3 22. Nf1 Qxc2+ 23. Kxc2 c6 24. Ne3 Rd8 25. Nxg4 Ra7 26. Nf3 Rad7 27. Nfe5 Rd6 1/2-1/2

[Event "Weekend Groninger Combinatie 2019"]
[Site "Groningen"]
[Date "2019.05.30"]
[Round "1.6"]
[White "Pel, Bonno"]
[Black "Van der Hagen, Loek"]
[Result "1-0"]
[ECO "B07"]
[WhiteElo "2260"]
[BlackElo "1978"]
[Annotator "ChessBase"]
[PlyCount "87"]
[EventDate "2019.05.30"]
[EventType "swiss"]
[EventCountry "NED"]
[SourceTitle "playchess.com"]
[Source "ChessBase"]
[SourceQuality "1"]
[TimeControl "5400+30"]

1. g3 Nf6 2. Bg2 g6 3. e4 d6 4. d4 Bg7 5. Ne2 O-O 6. O-O e5 7. Nbc3 Nc6 8. dxe5 Nxe5 9. f4 Nc6 10. h3 Re8 11. g4 Bxg4 12. hxg4 Nxg4 13. Bh3 Qh4 14. Kg2 f5 15. Ng3 Bxc3 16. bxc3 Qf6 17. Qd5+ Kh8 18. Bxg4 fxg4 19. Bb2 h5 20. Rab1 Kh7 21. c4 Qe6 22. f5 Qxd5 23. cxd5 Ne5 24. Bxe5 Rxe5 25. Rxb7 h4 26. Rxc7+ Kh6 27. fxg6 hxg3 28. g7 Rg8 29. Rf4 Rxg7 30. Rxg7 Kxg7 31. Kxg3 Rh5 32. Kxg4 Rh2 33. Kf5 Kf7 34. c4 Rxa2 35. e5 Ke7 36. e6 Rc2 37. Rh4 a5 38. Rh7+ Ke8 39. Rd7 Rxc4 40. Rxd6 Rc1 41. Ra6 Ke7 42. d6+ Kf8 43. Ra8+ Kg7 44. d7 1-0

[Event "Weekend Groninger Combinatie 2019"]
[Site "Groningen"]
[Date "2019.05.30"]
[Round "1.7"]
[White "Bosboom, Ardin"]
[Black "Villwock, Martin"]
[Result "1-0"]
[ECO "E20"]
[WhiteElo "1965"]
[BlackElo "2180"]
[Annotator "ChessBase"]
[PlyCount "41"]
[EventDate "2019.05.30"]
[EventType "swiss"]
[EventCountry "NED"]
[SourceTitle "playchess.com"]
[Source "ChessBase"]
[SourceQuality "1"]
[TimeControl "5400+30"]

1. d4 Nf6 2. c4 e6 3. Nc3 Bb4 4. f3 c5 5. d5 O-O 6. e4 Nh5 7. Be3 f5 8. dxe6 dxe6 9. Qxd8 Rxd8 10. Nge2 b6 11. g4 Nf6 12. e5 Rd3 13. exf6 Rxe3 14. O-O-O Bb7 15. gxf5 Bxc3 16. Nxc3 Bxf3 17. Rd8+ Kf7 18. fxg7 Kxg7 19. Rg1+ Kf6 20. Kd2 Re5 21. Rgg8 1-0

[Event "Weekend Groninger Combinatie 2019"]
[Site "Groningen"]
[Date "2019.05.30"]
[Round "1.8"]
[White "Colbow, Collin"]
[Black "Zuiderweg, Edwin"]
[Result "1-0"]
[ECO "B35"]
[WhiteElo "2169"]
[BlackElo "1958"]
[Annotator "ChessBase"]
[PlyCount "55"]
[EventDate "2019.05.30"]
[EventType "swiss"]
[EventCountry "NED"]
[SourceTitle "playchess.com"]
[Source "ChessBase"]
[SourceQuality "1"]
[TimeControl "5400+30"]

1. e4 c5 2. Nf3 Nc6 3. d4 cxd4 4. Nxd4 g6 5. Nc3 Bg7 6. Be3 Nf6 7. Bc4 O-O 8. Bb3 a5 9. O-O Ng4 10. Qxg4 Nxd4 11. Qd1 Nxb3 12. axb3 b6 13. Nd5 Rb8 14. Bd4 d6 15. Bxg7 Kxg7 16. Qd4+ Kg8 17. f4 Be6 18. f5 Bxd5 19. exd5 Qc7 20. Qe4 Rbc8 21. Rf2 b5 22. Kh1 Ra8 23. h4 Qb7 24. Raf1 a4 25. fxg6 hxg6 26. h5 Kg7 27. Rxf7+ Rxf7 28. Qxg6+ 1-0

[Event "Weekend Groninger Combinatie 2019"]
[Site "Groningen"]
[Date "2019.05.30"]
[Round "1.9"]
[White "Oord, Raymon"]
[Black "Duijker, Rick"]
[Result "0-1"]
[ECO "A47"]
[WhiteElo "1948"]
[BlackElo "2164"]
[Annotator "ChessBase"]
[PlyCount "80"]
[EventDate "2019.05.30"]
[EventType "swiss"]
[EventCountry "NED"]
[SourceTitle "playchess.com"]
[Source "ChessBase"]
[SourceQuality "1"]
[TimeControl "5400+30"]

1. d4 Nf6 2. Nf3 c5 3. c3 b6 4. Bf4 Bb7 5. e3 e6 6. Nbd2 Be7 7. Bd3 O-O 8. Qe2 d6 9. e4 cxd4 10. cxd4 Nc6 11. a3 e5 12. dxe5 Nh5 13. Bg3 Nxg3 14. hxg3 dxe5 15. Nc4 Nd4 16. Nxd4 exd4 17. Qh5 h6 18. Ne5 Rc8 19. Qg4 Rc5 20. f4 Qc7 21. Qe2 Rxe5 22. fxe5 Qxe5 23. O-O-O Qxg3 24. Rh3 Qe5 25. Rf1 Bc8 26. Rh5 Bg5+ 27. Kb1 Be6 28. Ba6 Rd8 29. Bd3 Rc8 30. Qf3 b5 31. Qd1 a5 32. Rf2 g6 33. Rh1 Rc1+ 34. Qxc1 Bxc1 35. Rxc1 Qg3 36. Rd2 Qe3 37. Rcd1 Bg4 38. Bxb5 Bxd1 39. Rxd1 Qxe4+ 40. Ka2 Qd5+ 0-1

[Event "Weekend Groninger Combinatie 2019"]
[Site "Groningen"]
[Date "2019.05.30"]
[Round "1.10"]
[White "Wichtrup, Jan-Louis"]
[Black "Aden, Meino"]
[Result "1-0"]
[ECO "D55"]
[WhiteElo "2110"]
[BlackElo "1921"]
[Annotator "ChessBase"]
[PlyCount "162"]
[EventDate "2019.05.30"]
[EventType "swiss"]
[EventCountry "NED"]
[SourceTitle "playchess.com"]
[Source "ChessBase"]
[SourceQuality "1"]
[TimeControl "5400+30"]

1. d4 d5 2. c4 e6 3. Nc3 Nf6 4. Bg5 Be7 5. e3 O-O 6. Nf3 a6 7. cxd5 Nxd5 8. Bxe7 Qxe7 9. Nxd5 exd5 10. Qc2 Qb4+ 11. Nd2 c6 12. Bd3 h6 13. O-O Qe7 14. Nb3 Nd7 15. Rac1 Nf6 16. Nc5 Re8 17. b4 Ne4 18. Bxe4 dxe4 19. Rfd1 Bg4 20. Rd2 b6 21. Na4 Qg5 22. Kh1 Rab8 23. Nc3 Qf5 24. d5 cxd5 25. Nxd5 Qe5 26. Qb2 Qxb2 27. Rxb2 Red8 28. Ne7+ Kf8 29. Nc6 Rbc8 30. h3 Rd6 31. hxg4 Rdxc6 32. Rxc6 Rxc6 33. b5 Rc1+ 34. Kh2 a5 35. Kg3 g5 36. Rd2 Rc5 37. a4 Rc4 38. Rd6 Rxa4 39. Rxh6 Rb4 40. Rxb6 a4 41. Ra6 Rxb5 42. Rxa4 Re5 43. Kh2 Kg7 44. Kg1 Re6 45. Kf1 Kf6 46. Ke2 Ke5 47. Ra5+ Kf6 48. Kd2 Rc6 49. Rf5+ Kg6 50. Re5 Rc4 51. Rd5 Ra4 52. Kc3 Ra1 53. Kd4 Rf1 54. Rf5 Ra1 55. Kxe4 Ra4+ 56. Kf3 Rb4 57. Rd5 Rb2 58. Rd6+ Kg7 59. Kg3 Rb3 60. Rd2 Ra3 61. Re2 Kg6 62. f3 Rb3 63. Kf2 Rb1 64. g3 Ra1 65. f4 Rb1 66. Ra2 Rh1 67. Ra6+ f6 68. Ra7 gxf4 69. gxf4 Rb1 70. Ra6 Kg7 71. Kf3 Rf1+ 72. Ke4 Rb1 73. Ra7+ Kg6 74. Ra6 Rb4+ 75. Kf3 Kg7 76. f5 Rb1 77. g5 fxg5 78. Rg6+ Kf7 79. Rxg5 Kf6 80. Rh5 Rf1+ 81. Ke4 Rf2 1-0

[Event "Weekend Groninger Combinatie 2019"]
[Site "Groningen"]
[Date "2019.05.30"]
[Round "1.11"]
[White "Van t Veld, Menno"]
[Black "De Boer, Bas"]
[Result "0-1"]
[ECO "B48"]
[WhiteElo "1901"]
[BlackElo "2095"]
[Annotator "NA"]
[PlyCount "52"]
[EventDate "2019.05.30"]
[EventType "swiss"]
[EventCountry "NED"]
[SourceTitle "playchess.com"]
[Source "ChessBase"]
[SourceQuality "1"]
[TimeControl "5400+30"]

1. e4 c5 2. Nf3 e6 3. d4 cxd4 4. Nxd4 Nc6 5. Nc3 Qc7 6. Be3 a6 7. Qd2 Nf6 8. f3 Be7 {[%emt 0:00:30] B48: Sicilian: Taimanov: 5 Nc3 Qc7 6 Be3 a6 without Be2} 9. O-O-O b5 10. g4 Nxd4 11. Bxd4 Bb7 12. g5 (12. Kb1 O-O 13. Rg1 Rac8 14. h4 Rfd8 15. Bh3 Ne8 16. g5 {½-½ (30) Dominguez Perez,L (2739)-Shankland,S (2731) Saint Louis 2019}) 12... Nh5 13. Ne2 Rc8 14. Be3 d5 {[%emt 0:00:30] [#]} 15. Bg2 $146 ({Predecessor:} 15. e5 d4 16. Nxd4 {½-½ (42) Bauer,C (2622)-Lopez Martinez,J (2543) Linares 2013}) 15... O-O 16. exd5 Bxd5 17. Nf4 Bb4 18. c3 Nxf4 19. Bxf4 Qa5 20. Be5 Qxa2 21. Qd3 Be7 22. h4 $19 Bb3 23. Rde1 b4 24. f4 bxc3 25. Bxc3 Rfd8 26. Qb1 Rxc3+ 0-1

[Event "Weekend Groninger Combinatie 2019"]
[Site "Groningen"]
[Date "2019.05.30"]
[Round "1.12"]
[White "Nicolai, Amir"]
[Black "Den Boer, Paul"]
[Result "1-0"]
[ECO "D02"]
[WhiteElo "2095"]
[BlackElo "1877"]
[Annotator "NA"]
[PlyCount "65"]
[EventDate "2019.05.30"]
[EventType "swiss"]
[EventCountry "NED"]
[SourceTitle "playchess.com"]
[Source "ChessBase"]
[SourceQuality "1"]
[TimeControl "5400+30"]

1. d4 Nf6 2. Bf4 d5 3. e3 c6 4. Nd2 Bg4 5. Ngf3 e6 6. h3 Bxf3 7. Qxf3 Bd6 8. Bd3 c5 9. c3 Nc6 10. O-O cxd4 11. exd4 Bxf4 12. Qxf4 O-O 13. Rae1 Qb8 14. Qe3 b5 15. f4 Ne7 16. g4 Re8 17. Nf3 b4 18. Ne5 Qd6 19. f5 exf5 20. Bxf5 Nxf5 21. Rxf5 bxc3 22. bxc3 Rac8 23. Ref1 h6 24. g5 hxg5 25. Qxg5 Re6 26. R5f3 Ne4 27. Qh5 g6 28. Qh6 Rxe5 29. dxe5 Qb6+ 30. Kh1 Rxc3 31. Rxf7 Ng3+ 32. Kg2 Qb2+ 33. R1f2 1-0

[Event "Weekend Groninger Combinatie 2019"]
[Site "Groningen"]
[Date "2019.05.31"]
[Round "2.10"]
[White "Wempe, Joost"]
[Black "Pellikaan, Govert"]
[Result "1-0"]
[ECO "D85"]
[WhiteElo "2261"]
[BlackElo "1980"]
[Annotator "RC"]
[PlyCount "51"]
[EventDate "2019.05.30"]
[EventType "swiss"]
[EventCountry "NED"]
[SourceTitle "playchess.com"]
[Source "ChessBase"]
[SourceQuality "1"]
[TimeControl "5400+30"]

1. d4 Nf6 2. c4 g6 3. Nc3 d5 4. cxd5 Nxd5 5. e4 Nxc3 6. bxc3 c5 7. Be3 Bg7 8. Qd2 O-O 9. Rc1 Qa5 10. d5 Rd8 11. Bg5 h6 12. Bxh6 e6 13. Bxg7 Kxg7 14. d6 Nc6 15. h4 b6 16. h5 Rh8 17. h6+ Kh7 18. Qf4 f5 19. e5 c4 20. Nf3 Rf8 21. Bxc4 Kh8 22. Qg3 Rb8 23. O-O Kh7 24. Ng5+ Kxh6 25. Qh4+ Kg7 26. Qh7# 1-0

[Event "Weekend Groninger Combinatie 2019"]
[Site "Groningen"]
[Date "2019.05.31"]
[Round "2.11"]
[White "Schulz, Daniel"]
[Black "Torensma, Jan"]
[Result "1-0"]
[ECO "A87"]
[WhiteElo "2092"]
[BlackElo "1809"]
[Annotator "NA RC"]
[PlyCount "67"]
[EventDate "2019.05.30"]
[EventType "swiss"]
[EventCountry "NED"]
[SourceTitle "playchess.com"]
[Source "ChessBase"]
[SourceQuality "1"]
[TimeControl "5400+30"]

1. d4 f5 2. g3 Nf6 3. Bg2 d6 4. Nf3 g6 5. O-O Bg7 6. b3 O-O 7. Bb2 c6 8. c4 Na6 9. Nbd2 Nh5 {A87: Dutch Defence: Leningrad System: 5 Nf3} (9... e5 10. dxe5 Nd7 11. Ba3 c5 12. e6 Nb6 13. Qc2 Bxe6 14. Rad1 Qe7 15. Bb2 Nb4 16. Qb1 Rad8 17. Bxg7 Qxg7 {1-0 (59) Korobov,A (2695)-Anton Guijarro,D (2679) Poikovsky 2017}) 10. Qc1 Qc7 $146 ({Predecessor:} 10... h6 11. d5 Qe8 12. dxc6 bxc6 13. e4 e5 14. Ba3 Rf6 15. Qc3 g5 16. h3 g4 17. Nh2 gxh3 18. Bxh3 {1-0 (34) Renk,C-Beyer,T Recklinghausen 1999}) 11. d5 e5 12. dxe6 Bxe6 13. Nd4 Bf7 14. e3 Nc5 15. Qc2 Nf6 16. Rad1 Rad8 17. Rfe1 Rfe8 18. Qb1 Nfe4 19. N2f3 d5 20. cxd5 Rxd5 $11 21. Qa1 Ne6 22. Nxe6 Bxe6 23. Nd4 Qd7 24. Bf1 Bf7 25. Bc4 Rd6 26. Be2 Qc8 27. Nf3 Bxb2 28. Qxb2 Bd5 29. Ne5 f4 30. Rxd5 Rxd5 31. Bc4 Qf5 32. exf4 g5 33. Qd4 Red8 34. Rxe4 1-0

[Event "Weekend Groninger Combinatie 2019"]
[Site "Groningen"]
[Date "2019.05.31"]
[Round "2.12"]
[White "Enserink, Henk"]
[Black "Rupert, Casper"]
[Result "1-0"]
[ECO "C01"]
[WhiteElo "1794"]
[BlackElo "2022"]
[Annotator "NA RC"]
[PlyCount "55"]
[EventDate "2019.05.30"]
[EventType "swiss"]
[EventCountry "NED"]
[SourceTitle "playchess.com"]
[Source "ChessBase"]
[SourceQuality "1"]
[TimeControl "5400+30"]

1. e4 e6 2. Nf3 d5 3. exd5 exd5 4. d4 Bg4 5. c4 Bb4+ 6. Nc3 Qe7+ 7. Be3 Nf6 8. a3 Bxc3+ 9. bxc3 Nbd7 10. h3 Bh5 11. Be2 O-O 12. O-O dxc4 13. Bxc4 Nb6 14. Bb3 Nbd5 15. Bd2 Qe4 16. c4 Nb6 17. Re1 Bxf3 18. Qxf3 Qxd4 19. Bc3 Qh4 20. Qxb7 c5 21. Re3 Nbd5 22. cxd5 Rab8 23. Qe7 Rfe8 24. Bxf6 gxf6 25. Qxe8+ Rxe8 26. Rxe8+ Kg7 27. d6 c4 28. d7 1-0

[Event "Weekend Groninger Combinatie 2019"]
[Site "Groningen"]
[Date "2019.05.31"]
[Round "3.1"]
[White "De Boer, Bas"]
[Black "Maris, Ivo"]
[Result "0-1"]
[ECO "E68"]
[WhiteElo "2095"]
[BlackElo "2386"]
[Annotator "ChessBase"]
[PlyCount "74"]
[EventDate "2019.05.30"]
[EventType "swiss"]
[EventCountry "NED"]
[SourceTitle "playchess.com"]
[Source "ChessBase"]
[SourceQuality "1"]
[TimeControl "5400+30"]

1. Nf3 g6 2. c4 Bg7 3. Nc3 d6 4. g3 Nf6 5. d4 O-O 6. Bg2 Nbd7 7. O-O e5 8. e4 h6 9. h3 Nh7 10. Be3 Ng5 11. Nxg5 hxg5 12. Qd2 exd4 13. Bxd4 Ne5 14. b3 c5 15. Bxe5 Bxe5 16. Rad1 g4 17. hxg4 Bxg4 18. f3 Bd4+ 19. Kh2 Qf6 20. Qh6 Bxc3 21. fxg4 Qg7 22. Qxg7+ Kxg7 23. Rxd6 Rh8+ 24. Bh3 Rad8 25. Rfd1 Rde8 26. Kg2 Rxe4 27. Kf3 Re5 28. Bf1 Rh2 29. Bg2 Bd4 30. Rd2 Re3+ 31. Kf4 Re1 32. Kf3 Kh6 33. Rd8 Kg5 34. Rd5+ f5 35. gxf5 gxf5 36. Rd8 Re3+ 37. Kf2 Rd3+ 0-1

[Event "Weekend Groninger Combinatie 2019"]
[Site "Groningen"]
[Date "2019.05.31"]
[Round "3.2"]
[White "Pel, Bonno"]
[Black "Elgersma, Simon"]
[Result "0-1"]
[ECO "B07"]
[WhiteElo "2260"]
[BlackElo "2088"]
[Annotator "ChessBase"]
[PlyCount "58"]
[EventDate "2019.05.30"]
[EventType "swiss"]
[EventCountry "NED"]
[SourceTitle "playchess.com"]
[Source "ChessBase"]
[SourceQuality "1"]
[TimeControl "5400+30"]

1. g3 g6 2. Bg2 Bg7 3. e4 d6 4. d4 Nf6 5. Nc3 O-O 6. Nge2 Nbd7 7. O-O e5 8. h3 c6 9. a4 a5 10. b3 Re8 11. Ba3 exd4 12. Nxd4 Nc5 13. Re1 Qb6 14. Bb2 Nh5 15. Kh2 Nxb3 16. Nxb3 Qxf2 17. Qd3 Be5 18. Re3 Bxh3 19. Rg1 Bxg2 20. Rxg2 Qf6 21. Nd2 Qg5 22. Nc4 Bg7 23. Rf3 Rad8 24. Rf1 Nf6 25. Kg1 Ng4 26. Rf4 Qc5+ 27. Rff2 d5 28. Nd2 dxe4 29. Ndxe4 Rxd3 0-1

[Event "Weekend Groninger Combinatie 2019"]
[Site "Groningen"]
[Date "2019.05.31"]
[Round "3.3"]
[White "Hoeksema, Hendrik Pieter"]
[Black "Keuning, Selwin"]
[Result "1-0"]
[ECO "A37"]
[WhiteElo "2349"]
[BlackElo "2070"]
[Annotator "ChessBase"]
[PlyCount "101"]
[EventDate "2019.05.30"]
[EventType "swiss"]
[EventCountry "NED"]
[SourceTitle "playchess.com"]
[Source "ChessBase"]
[SourceQuality "1"]
[TimeControl "5400+30"]

1. c4 c5 2. Nf3 Nc6 3. b3 e5 4. Nc3 g6 5. g3 Bg7 6. Bg2 Nge7 7. O-O O-O 8. Bb2 d6 9. e3 h6 10. Ne1 Be6 11. Nd5 Rb8 12. Nc2 b5 13. d3 Qd7 14. f4 f6 15. Qd2 Kh7 16. Rf2 Bh3 17. Raf1 Bxg2 18. Kxg2 f5 19. Ne1 b4 20. Qc2 Qe6 21. e4 exf4 22. Nxf4 Qf7 23. Nf3 Ne5 24. Nxe5 Bxe5 25. Bxe5 dxe5 26. Nd5 Nc6 27. exf5 gxf5 28. Rxf5 Qxf5 29. Rxf5 Rxf5 30. Qe2 Rbf8 31. Qe4 Kg7 32. Ne3 R5f6 33. Ng4 Re6 34. Qd5 Rfe8 35. Qxc5 a5 36. Qd5 R8e7 37. Nf2 Kf8 38. Ne4 Nd4 39. Qxa5 Nc2 40. Qc5 Kg7 41. Nd6 Kg6 42. Qc6 Rf6 43. Qe4+ Kg7 44. c5 Nd4 45. h4 Kg8 46. Qa8+ Kh7 47. Ne4 Rg6 48. Qf8 Rge6 49. Nf6+ Kg6 50. Ne4 Re8 51. h5+ 1-0

[Event "Weekend Groninger Combinatie 2019"]
[Site "Groningen"]
[Date "2019.05.31"]
[Round "3.5"]
[White "Knol, Geon"]
[Black "Wempe, Joost"]
[Result "0-1"]
[ECO "C01"]
[WhiteElo "2082"]
[BlackElo "2261"]
[Annotator "ChessBase"]
[PlyCount "80"]
[EventDate "2019.05.30"]
[EventType "swiss"]
[EventCountry "NED"]
[SourceTitle "playchess.com"]
[Source "ChessBase"]
[SourceQuality "1"]
[TimeControl "5400+30"]

1. e4 e6 2. d4 d5 3. Bd3 dxe4 4. Bxe4 Nf6 5. Bf3 c5 6. Ne2 Nc6 7. c3 e5 8. Bxc6+ bxc6 9. O-O Bd6 10. dxe5 Bxe5 11. Qxd8+ Kxd8 12. Bf4 Re8 13. Rd1+ Kc7 14. Nd2 Bg4 15. Nf3 Bxf3 16. gxf3 Nd5 17. Bg3 f5 18. Bxe5+ Rxe5 19. Nc1 c4 20. h4 Rb8 21. Rd2 Rbe8 22. b3 Re1+ 23. Kh2 cxb3 24. axb3 Nxc3 25. Rxa7+ Kb6 26. Nd3 Kxa7 27. Nxe1 Rxe1 28. Rc2 Nd5 29. Rxc6 Kb7 30. Rc5 Rd1 31. f4 Rd3 32. b4 g6 33. Rc4 Rc3 34. Rd4 Kc6 35. h5 Rb3 36. Rc4+ Kd7 37. Rd4 Kd6 38. h6 Rxb4 39. Rd2 Rxf4 40. Kg3 Rg4+ 0-1

[Event "Weekend Groninger Combinatie 2019"]
[Site "Groningen"]
[Date "2019.05.31"]
[Round "3.6"]
[White "Duijker, Rick"]
[Black "De Boer, Rein"]
[Result "1-0"]
[ECO "D00"]
[WhiteElo "2164"]
[BlackElo "2053"]
[Annotator "ChessBase"]
[PlyCount "145"]
[EventDate "2019.05.30"]
[EventType "swiss"]
[EventCountry "NED"]
[SourceTitle "playchess.com"]
[Source "ChessBase"]
[SourceQuality "1"]
[TimeControl "5400+30"]

1. d4 Nf6 2. Bg5 d5 3. Bxf6 exf6 4. e3 Bd6 5. g3 O-O 6. Bg2 c6 7. Ne2 Nd7 8. O-O f5 9. Nd2 b5 10. a4 b4 11. c4 bxc3 12. bxc3 Ba6 13. c4 Nf6 14. Nc3 Bb4 15. Qb3 Rb8 16. Rfc1 Ne4 17. Ndxe4 Bxc4 18. Qc2 fxe4 19. Nxe4 f5 20. Nd2 Bxd2 21. Qxd2 Qb6 22. Bf1 Qb4 23. Qc2 Bxf1 24. Kxf1 Rf6 25. Rab1 Qf8 26. Rxb8 Qxb8 27. Rb1 Qc8 28. Kg2 g5 29. Qb3 Rf8 30. f3 Qe6 31. Kf2 g4 32. Qd1 Re8 33. Rb3 h5 34. Qe2 Kg7 35. a5 h4 36. Rb7+ Kf6 37. Rh7 hxg3+ 38. hxg3 Kg6 39. Rh4 Qf6 40. fxg4 fxg4+ 41. Kg2 Qf3+ 42. Qxf3 gxf3+ 43. Kxf3 Rf8+ 44. Ke2 Rb8 45. Rh1 Rb2+ 46. Kd3 Rb3+ 47. Kd2 Ra3 48. Rc1 Rxa5 49. Rxc6+ Kf5 50. Ke2 Ke4 51. Re6+ Kf5 52. Re7 Kg4 53. Rg7+ Kf5 54. Kf3 Ra1 55. Re7 Ra5 56. g4+ Kf6 57. Re5 Rb5 58. Kf4 a5 59. Re8 Rb1 60. g5+ Kg6 61. Re6+ Kf7 62. Rf6+ Ke7 63. Ra6 Rf1+ 64. Ke5 Rf3 65. Re6+ Kf7 66. Kxd5 a4 67. e4 a3 68. Ra6 Rg3 69. e5 Rxg5 70. Rxa3 Ke7 71. Ra7+ Kd8 72. Kd6 Rf5 73. Ra8# {[%emt 0:04:45] Ke8} 1-0

[Event "Weekend Groninger Combinatie 2019"]
[Site "Groningen"]
[Date "2019.05.31"]
[Round "3.7"]
[White "Wichtrup, Jan-Louis"]
[Black "Enserink, Henk"]
[Result "1-0"]
[ECO "E94"]
[WhiteElo "2110"]
[BlackElo "1794"]
[Annotator "ChessBase"]
[PlyCount "115"]
[EventDate "2019.05.30"]
[EventType "swiss"]
[EventCountry "NED"]
[SourceTitle "playchess.com"]
[Source "ChessBase"]
[SourceQuality "1"]
[TimeControl "5400+30"]

1. d4 Nf6 2. c4 g6 3. Nc3 Bg7 4. e4 d6 5. Nf3 O-O 6. Be2 Re8 7. O-O Nbd7 8. Qc2 e5 9. d5 h6 10. Ne1 Nh7 11. Be3 Rf8 12. Nd3 f5 13. f3 Ndf6 14. c5 f4 15. Bf2 g5 16. cxd6 cxd6 17. Nb5 g4 18. Qc7 gxf3 19. Qxd8 Rxd8 20. gxf3 Bh3 21. Rfc1 Rd7 22. Bxa7 Bf8 23. Kh1 Ng5 24. Nf2 Rg7 25. Bb6 Bd7 26. Nc7 Rc8 27. Rc3 Nh3 28. Nxh3 Bxh3 29. Bf1 Bxf1 30. Rxf1 Nd7 31. Bf2 Nf6 32. Ne6 Rxc3 33. bxc3 Rf7 34. Rg1+ Kh7 35. Rb1 Kg8 36. Bh4 Nh7 37. Rb6 Rd7 38. a4 Bg7 39. Nd8 Rc7 40. Rb3 Rc4 41. a5 Ra4 42. Nxb7 Ra1+ 43. Kg2 Ra2+ 44. Kf1 Rxh2 45. Ra3 Rxh4 46. a6 Ng5 47. a7 Nxf3 48. a8=Q+ Kh7 49. Qc8 Rg4 50. Qf5+ Rg6 51. c4 Nh4 52. Qh3 Bf6 53. Nxd6 f3 54. Rxf3 Nxf3 55. Qxf3 Bd8 56. Qf5 Bb6 57. Ne8 h5 58. Qxh5+ 1-0

[Event "Weekend Groninger Combinatie 2019"]
[Site "Groningen"]
[Date "2019.05.31"]
[Round "3.8"]
[White "Zwirs, Nico"]
[Black "Wierenga, Jael"]
[Result "1-0"]
[ECO "C06"]
[WhiteElo "2386"]
[BlackElo "1373"]
[Annotator "ChessBase"]
[PlyCount "43"]
[EventDate "2019.05.30"]
[EventType "swiss"]
[EventCountry "NED"]
[SourceTitle "playchess.com"]
[Source "ChessBase"]
[SourceQuality "1"]
[TimeControl "5400+30"]

1. e4 e6 2. d4 d5 3. Nd2 Nf6 4. e5 Nfd7 5. Bd3 c5 6. c3 Nc6 7. Ne2 Be7 8. O-O O-O 9. Nf3 f6 10. Nf4 Nb6 11. exf6 Rxf6 12. Nh5 Rf8 13. Qc2 h6 14. Bh7+ Kh8 15. Nxg7 Kxg7 16. Qg6+ Kh8 17. Qxh6 Rf7 18. Bg6+ Kg8 19. Bxf7+ Kxf7 20. Qh5+ Kg7 21. Bh6+ Kf6 22. Ne5 1-0